 Dungeon Crawl Stone Soup version 0.28.0 (webtiles) character file.

Game seed: 1899405679289099504

1 Paintbrake the Conjurer (level 1, 0/14 HPs)
             Began as a Draconian Conjurer on Feb 13, 2022.
             Slain by a kobold (3 damage)
             ... on level 2 of the Dungeon.
             The game lasted 00:01:09 (52 turns).

Paintbrake the Conjurer (Draconian Conjurer)          Turns: 52, Time: 00:01:09

Health: 0/14       AC:  4    Str:  9    XL:     1   Next: 16%
Magic:  3/3        EV: 12    Int: 18    God:
Gold:   0          SH:  0    Dex:  9    Spells: 3/4 levels left

rFire   . . .      SeeInvis .   (no weapon)
rCold   . . .      Faith    .   (no shield)
rNeg    . . .      Spirit   .   (armour unavailable)
rPois   .          Reflect  .   (helmet restricted)
rElec   .          Harm     .   (no cloak)
rCorr   .          Rampage  .   (no gloves)
Will    .....                   (no boots)
Stlth   ++........              (no amulet)
HPRegen 0.04/turn               (no ring)
MPRegen 0.08/turn               (no ring)

@: no status effects
A: AC +4, unfitting armour, cold-blooded
a: no special abilities


You were on level 2 of the Dungeon.
You visited 1 branch of the dungeon, and saw 2 of its levels.

You aren't carrying anything.


   Skills:
 + Level 1.7 Dodging
 + Level 1.7 Stealth
 + Level 2.0 Spellcasting
 + Level 4.0 Conjurations


You had 3 spell levels left.
You knew the following spells:

 Your Spells              Type           Power      Damage    Failure   Level
a - Magic Dart            Conj           64%        1d6       3%          1

Your spell library contained the following spells:

 Spells                   Type           Power      Damage    Failure   Level
 Searing Ray              Conj           32%        2d5       5%          2
 Dazzling Flash           Conj/Hex       18%        N/A       24%         3
 Fulminant Prism          Conj/Hex       4%         3d6       61%         4
 Iskenderun's Mystic Bla  Conj/Tloc      9%         2d4       61%         4


Dungeon Overview and Level Annotations

Branches:
Dungeon (2/15)

Altars:


Innate Abilities, Weirdness & Mutations

Your plain brown scales are hard. (AC +4)
You cannot fit into any form of body armour.
You are cold-blooded and may be slowed by cold attacks.


Message History

You closely miss the bat.
The bat is moderately wounded.
The bat completely misses you.
You hit the bat but do no damage.
The bat is moderately wounded.
The bat hits you. The bat barely misses you.
You hit the bat but do no damage.
The bat is moderately wounded.
The bat misses you. The bat barely misses you.
The bat hits you but does no damage.
You miss the bat.
The bat is moderately wounded.
The bat hits you. The bat hits you but does no damage.
You hit the bat.
The bat is severely wounded.
The bat hits you but does no damage. The bat closely misses you.
You closely miss the bat.
The bat is severely wounded.
The bat barely misses you. The bat closely misses you.
You hit the bat but do no damage.
The bat is severely wounded.
The bat hits you but does no damage. x2
You hit the bat but do no damage. You tail-slap the bat.
You kill the bat!
The bat misses you. The bat hits you but does no damage.
You closely miss the bat. The bat barely misses you. x2
You hit the bat but do no damage. The bat hits you. x2
You hit the bat but do no damage. The bat barely misses you.
The bat closely misses you.
You hit the bat.
Your tail-slap misses the bat.
The bat is severely wounded.
The bat hits you but does no damage. x2
You hit the bat.
You kill the bat!
The kobold throws a stone.
The stone misses you. The kobold hits you with a +0 whip.
* * * LOW HITPOINT WARNING * * *
You see here a bat corpse.
You hit the kobold but do no damage. The kobold hits you with a +0 whip.
You die...

...............#
........######.#
........#
....###.# ...
#.# ## #.# #.#
#K# #@# #.# #.#
#.# #.# #.# #.#
#.# #.#


You could see a kobold.

Vanquished Creatures
  2 bats (D:2)
2 creatures vanquished.

Notes
Turn   | Place    | Note
-------+----------+-------------------------------------------
     0 | D:1      | Paintbrake the Draconian Conjurer began the quest for the
                  | Orb.
     0 | D:1      | Reached XP level 1. HP: 14/14 MP: 3/3
    52 | D:2      | Slain by a kobold

Illustrated notes

Levels and vault maps discovered:
D:1:      dpeg_arrival_tiny_k, layout_loops_ring, minmay_misc_feat_columns,
          serial_bayou_lagoon_a, serial_bayou_ford_a
D:2:      layout_basic, shapermc_ecumenical_altar_mp_urbaneastern

Action                   || total
-------------------------++-------
Melee: Unarmed           ||    36
       Tailslap          ||     3
Armor: Skin              ||    26
Dodge: Dodged            ||    35
